 Dungeon Crawl Stone Soup version 0.29-a0-334-gb41bcbb86e (webtiles) character file.

Game seed: 622846059278834872

3917 Dauddaud the Spear-Bearer (level 10, -1/77 HPs)
             Began as a Minotaur Berserker on Apr 15, 2022.
             Was a Believer of Trog.
             Slain by a lemure (2 damage)
             ... led by Pikel
             ... on level 8 of the Dungeon.
             The game lasted 00:22:36 (8023 turns).

Dauddaud the Spear-Bearer (Minotaur Berserker)      Turns: 8023, Time: 00:22:36

Health: -1/77      AC:  9    Str: 25    XL:     10   Next: 1%
Magic:  9/9        EV: 11    Int:  4    God:    Trog [**....]
Gold:   162        SH:  0    Dex: 11    Spells: 9/9 levels left

rFire   . . .      SeeInvis +   G - +0 halberd
rCold   . . .      Faith    .   (shield currently unavailable)
rNeg    . . .      Spirit   .   x - +4 ring mail
rPois   .          Reflect  .   (helmet restricted)
rElec   .          Harm     .   (no cloak)
rCorr   .          Rampage  .   (no gloves)
Will    .....                   (no boots)
Stlth   +.........              (no amulet)
HPRegen 0.22/turn               p - ring of see invisible
MPRegen 0.11/turn               (no ring)

@: on berserk cooldown, slowed, very slow
A: horns 2, retaliatory headbutt
a: Renounce Religion, Berserk, Trog's Hand


You were on level 8 of the Dungeon.
You worshipped Trog.
Trog was pleased with you.
You visited 1 branch of the dungeon, and saw 8 of its levels.

You collected 348 gold pieces.
You spent 186 gold pieces at shops.

Inventory:

Hand Weapons
 a - a +0 hand axe
 r - a +0 vorpal hand axe
 w - a +0 scythe
 G - a +0 halberd (weapon)
 H - a +1 flail of pain
Armour
 b - a +0 animal skin
 k - a +0 chain mail
 x - a +4 ring mail (worn)
 E - a +0 kite shield
Jewellery
 p - a ring of see invisible (left hand)
 C - a ring of ice
 D - a ring of magical power
Wands
 B - a wand of digging (6)
Scrolls
 c - a scroll of silence
 d - a scroll of fear
 e - 4 scrolls of fog
 f - 2 scrolls of teleportation
 i - 5 scrolls of enchant weapon
 l - a scroll of summoning
 n - 3 scrolls of noise
 s - 3 scrolls of enchant armour
 y - a scroll of acquirement
 A - 2 scrolls of torment
 J - a scroll of blinking {unknown}
Potions
 g - 3 potions of resistance {unknown}
 h - 3 potions of curing
 j - a potion of mutation {unknown}
 m - 2 potions of flight {unknown}
 o - 4 potions of heal wounds {unknown}
 q - 2 potions of haste {unknown}
 t - 2 potions of lignification {unknown}
 u - 3 potions of might {unknown}
 v - a potion of invisibility {unknown}
 z - 2 potions of magic
 F - a potion of ambrosia {unknown}
 I - a potion of brilliance {unknown}


   Skills:
 - Level 3.6 Fighting
 - Level 11.6(14.1) Axes
 + Level 13.0(14.8) Polearms
 - Level 2.4 Armour
 - Level 2.1 Dodging


You had 9 spell levels left.
You didn't know any spells.
Your spell library was empty.

Dungeon Overview and Level Annotations

Branches:
Dungeon (8/15)             Temple (0/1) D:6
   Lair: D:8-11

Altars:
Ashenzari
Elyvilon
Okawaru
Ru
Uskayaw
Vehumet
Xom
The Shining One

Shops:
D:6 ?   D:7 :

Annotations:
D:8 Pikel


Innate Abilities, Weirdness & Mutations

You have a pair of horns on your head.
You reflexively headbutt those who attack you in melee.


Message History

You barely miss the orc priest.
You feel sick.
You barely miss the orc priest.
You feel sick. The orc priest barely misses you. The lemure hits you.
You hit the orc priest. You headbutt the orc priest.
The orc priest is severely wounded.
You feel sick.
You impale the orc priest!!
You kill the orc priest!
Trog accepts your kill. The lemure hits you but does no damage.
Your base Polearms skill increases to level 13!
You impale the orc!!
You kill the orc!
Trog accepts your kill.
You feel sick.
You are no longer berserk.
You are exhausted.
You feel yourself slow down.
You feel sick. The lemure hits you but does no damage.
You barely miss the lemure. Your headbutt misses the lemure.
The lemure is almost dead.
You feel sick. The lemure hits you!
* * * LOW HITPOINT WARNING * * *
The lemure hits you but does no damage.
You closely miss the lemure. You headbutt the lemure.
You kill the lemure!
That felt strangely unrewarding.
You feel sick. The lemure hits you but does no damage.
You slice the orc warrior!! Your headbutt misses the orc warrior.
The orc warrior is severely wounded.
You feel sick.
The orc warrior hits you with a +0 dire flail!
* * * LOW HITPOINT WARNING * * *
The lemure hits you.
* * * LOW HITPOINT WARNING * * *
You feel better.
The orc warrior hits you with a +0 dire flail!
* * * LOW HITPOINT WARNING * * *
The lemure hits you.
You die... ##..##.....# ##..##.....# ...........# .. ...........# .PP

#...##.....###### ####...
##'###.....##...##.......
#....#...........#....P..
+....#...........#.......
#...##.....##...@#......P
#...#########...5o5......
#................#.....##
#..........#######.....#
#..........# .......
##..##.##### .......
##..##.## .......
.+......# .......
.#......# (...$..


You could see an orc warrior and 2 lemures.

Vanquished Creatures
  The ghost of Murumi the Fighter, a novice OgCK of Xom (D:7)
  Joseph (D:8)
  Sigmund (D:3)
  A steam dragon (D:7)
  3 vampire mosquitoes (D:8)
  3 water moccasins
  3 sky beasts
  An orc warrior (D:6)
  2 ice beasts
  A centaur (D:7)
  2 lemures (D:8)
  2 bullfrogs
  A kobold brigand (D:8)
  A scorpion (D:6)
  5 killer bees (D:6)
  4 crimson imps (D:6)
  2 orc priests
  3 gnoll shamans
  2 hounds (D:5)
  3 iguanas (D:5)
  Terence (D:3)
  7 orc wizards
  3 adders
  9 gnolls
  2 white imps
  4 ufetubi
  A worm (D:2)
  4 dart slugs
  12 orcs
  5 bats
  4 endoplasms
  2 giant cockroaches (D:1)
  9 goblins
  5 hobgoblins
  10 kobolds
  A quokka (D:4)
  7 ball pythons
  4 frilled lizards
  5 rats
137 creatures vanquished.

Vanquished Creatures (others)
  A shadow imp (D:7)
  25 fungi (D:8)
  46 plants
72 creatures vanquished.

Grand Total: 209 creatures vanquished

Notes
Turn   | Place    | Note
-------+----------+-------------------------------------------
     0 | D:1      | Dauddaud the Minotaur Berserker began the quest for the
                  | Orb.
     0 | D:1      | Reached XP level 1. HP: 19/19 MP: 0/0
   130 | D:1      | Reached XP level 2. HP: 21/26 MP: 1/1
   518 | D:1      | Reached skill level 5 in Axes
   573 | D:1      | Reached ** piety under Trog
   720 | D:2      | Reached XP level 3. HP: 31/31 MP: 2/2
   798 | D:2      | Found a glowing golden altar of the Shining One.
  1172 | D:2      | Found a faded altar of an unknown god.
  1598 | D:3      | Found a sacrificial altar of Ru.
  1618 | D:3      | Reached XP level 4. HP: 34/39 MP: 3/3
  1952 | D:3      | Noticed Sigmund
  1957 | D:3      | Killed Sigmund
  1958 | D:3      | Reached XP level 5. HP: 39/45 MP: 4/4
  2114 | D:3      | Noticed Terence
  2121 | D:3      | Killed Terence
  2122 | D:3      | Reached skill level 1 in Polearms
  2410 | D:4      | Reached XP level 6. HP: 51/51 MP: 5/5
  2660 | D:4      | Reached *** piety under Trog
  3192 | D:5      | Entered Level 5 of the Dungeon
  3221 | D:5      | Reached skill level 2 in Polearms
  3330 | D:5      | Identified a scroll of acquirement
  3533 | D:5      | Reached skill level 3 in Polearms
  3706 | D:5      | Noticed a sky beast
  3715 | D:5      | Reached XP level 7. HP: 57/57 MP: 6/6
  3718 | D:5      | Reached skill level 4 in Polearms
  3993 | D:6      | Found a glowing golden altar of the Shining One.
  4064 | D:6      | Found a shimmering altar of Xom.
  4124 | D:6      | Found Misse's Magic Scroll Shoppe.
  4143 | D:6      | Reached skill level 5 in Polearms
  4340 | D:6      | Bought a scroll of identify for 24 gold pieces
  4340 | D:6      | Bought a scroll of identify for 24 gold pieces
  4340 | D:6      | Bought a scroll of enchant armour for 90 gold pieces
  4340 | D:6      | Bought a scroll of identify for 24 gold pieces
  4340 | D:6      | Bought a scroll of identify for 24 gold pieces
  4378 | D:6      | Found a hide-covered altar of Uskayaw.
  4381 | D:6      | Found a white marble altar of Elyvilon.
  4425 | D:6      | Reached skill level 10 in Axes
  4425 | D:6      | Reached XP level 8. HP: 23/64 MP: 7/7
  4439 | D:6      | Reached skill level 6 in Polearms
  4892 | D:6      | Reached skill level 7 in Polearms
  4942 | D:6      | Found a staircase to the Ecumenical Temple.
  4971 | D:6      | Found a broken altar of Ashenzari.
  4971 | D:6      | Found a radiant altar of Vehumet.
  5384 | D:7      | Reached skill level 8 in Polearms
  5757 | D:7      | Reached XP level 9. HP: 40/70 MP: 8/8
  6081 | D:7      | Found an iron altar of Okawaru.
  6189 | D:7      | Found Dioboaxol's Book Emporium.
  6502 | D:7      | Reached skill level 9 in Polearms
  6794 | D:7      | Found a runed translucent gate.
  6794 | D:7      | Found a runed translucent gate.
  6794 | D:7      | Found a runed translucent gate.
  6796 | D:7      | Noticed Murumi's ghost (novice OgCK)
  6984 | D:7      | Killed Murumi's ghost
  6985 | D:7      | Reached skill level 10 in Polearms
  7138 | D:8      | Noticed a two-headed ogre
  7158 | D:8      | Noticed Joseph
  7172 | D:8      | Killed Joseph
  7173 | D:8      | Reached skill level 11 in Polearms
  7505 | D:8      | Reached skill level 12 in Polearms
  7998 | D:8      | Reached XP level 10. HP: 61/77 MP: 9/9
  8005 | D:8      | Noticed Pikel
  8018 | D:8      | Reached skill level 13 in Polearms
  8023 | D:8      | HP: 1/77 [orc warrior/+0 dire flail (13)]
  8023 | D:8      | Slain by a lemure

Illustrated notes

Levels and vault maps discovered:
D:1:      dpeg_arrival_rooms_with_view, layout_rooms,
          minmay_misc_feat_nine_boxes
D:2:      layout_basic, basic_altar, chequers_ecumenical_altar_twisty
D:3:      layout_basic, nicolae_ru_sacrificial_ziggurat, nrook_uturn,
          uniq_sigmund, uniq_terence
D:4:      layout_basic, serial_bayou_pond_a, kennysheep_doodads, eino_curves_03
D:5:      layout_rooms, mrwooster_statue_mirror
D:6:      layout_cave_pools, gammafunk_temple_overflow_wave,
          nicolae_overflow_hidden_temple, led_xom_imps,
          minmay_temple_entry_metal_lava, serial_shops, shop,
          serial_bayou_pond_c
D:7:      layout_loops_ring, mainiacjoe_overflow_alcove_2, serial_shops,
          nicolae_take_the_stairs, ebering_ghost_rock_garden, minmay_circle_x
D:8:      layout_gridville, due_lair_maze_entry_diamond, uniq_joseph, uniq_pikel

Skill      XL: |  1  2  3  4  5  6  7  8  9 10 |
---------------+-------------------------------+-----
Axes           | 4 5 6 7 8 10 11 | 11.6
Polearms       | 1 3 5 8 12 13 | 13.0
Fighting       | |  3.6
Armour         | |  2.4
Dodging        | |  2.1

Action                   |  1- 3 |  4- 6 |  7- 9 | 10-12 || total
-------------------------+-------+-------+-------+-------++-------
Melee: Hand axe          |    91 |    86 |   129 |       ||   306
       Headbutt          |    11 |    17 |    40 |     5 ||    73
       Halberd           |       |       |   113 |    19 ||   132
Invok: Berserk           |       |     1 |     8 |     1 ||    10
       Trog's Hand       |       |       |     3 |       ||     3
  Use: Scroll            |     1 |     6 |     5 |       ||    12
       Potion            |       |       |     2 |     1 ||     3
Armor: Animal skin       |     9 |       |       |       ||     9
       Chain mail        |    28 |     3 |       |       ||    31
       Ring mail         |       |    25 |    83 |     6 ||   114
Dodge: Dodged            |    54 |    37 |   107 |     8 ||   206
Block: Kite shield       |       |       |     5 |       ||     5

Table legend: (Time is in decaauts)
 A = Elapsed time spent in this place.
 B = Non-inter-level travel time spent in this place.
 C = Inter-level travel time spent in this place.
 D = Time resting spent in this place.
 E = Time spent auto-exploring this place.
 F = Levels seen in this place.
 G = Mean time per level.
                   A        B        C        D        E       F      G
               +--------+--------+--------+--------+--------+-----+--------+
         Total |   8053 |   7920 |    133 |   2512 |   4508 |   8 | 1006.6 |
       Dungeon |   8053 |   7920 |    133 |   2512 |   4508 |   8 | 1006.6 |
               +--------+--------+--------+--------+--------+-----+--------+

Top non-repeatable levels by time:
     D:7: 2031 daAuts
     D:6: 1161 daAuts
     D:3: 1122 daAuts
     D:8: 884 daAuts
     D:4: 794 daAuts
     D:5: 784 daAuts
     D:1: 688 daAuts
     D:2: 586 daAuts
